 Dungeon Crawl Stone Soup version 0.24.1-14-gf8d2b509d9 (webtiles) character file.

Game seed: 13520745783335110912, levelgen mode: deterministic

91 KlarStein the Skirmisher (level 4, 33/35 HPs)
             Began as a Demonspawn Fighter on Dec 20, 2020.
             Quit the game on level 2 of the Dungeon.
             The game lasted 00:05:29 (1702 turns).

KlarStein the Skirmisher (Demonspawn Fighter)       Turns: 1702, Time: 00:05:30

Health: 33/35      AC:  7    Str: 16    XL:     4   Next: 34%
Magic:  4/4        EV:  6    Int: 10    God:
Gold:   129        SH: 13    Dex: 13    Spells: 3/3 levels left

rFire    . . .     SeeInvis .   a - +0 flail
rCold    . . .     Gourm    .   c - +0 shield
rNeg     . . .     Faith    .   b - +0 scale mail
rPois    .         Spirit   .   (no helmet)
rElec    .         Reflect  .   (no cloak)
rCorr    .         Harm     .   (no gloves)
MR       .....                  r - +0 pair of boots
Stlth    ..........             (no amulet)
HPRegen  0.11/turn              (no ring)
MPRegen  0.09/turn              (no ring)

@: no status effects
A: large bone plates 1, rot immunity
a: no special abilities


You were on level 2 of the Dungeon.
You were not hungry.

You visited 1 branch of the dungeon, and saw 3 of its levels.

You collected 129 gold pieces.

Inventory:

Hand Weapons
 a - a +0 flail (weapon)
Missiles
 m - 9 poisoned darts (quivered)
Armour
 b - a +0 scale mail (worn)
 c - a +0 shield (worn)
 r - a +0 pair of boots (worn)
 s - a +0 plate armour
Scrolls
 e - 2 scrolls of blinking {unknown}
 h - a scroll of amnesia {unknown}
 i - a scroll of fear {unknown}
 k - a scroll of fog {unknown}
 l - 2 scrolls of identify {unknown}
 p - a scroll of remove curse {unknown}
 q - a scroll of noise {unknown}
Potions
 g - a potion of mutation {unknown}
 j - a potion of curing {unknown}
 n - a potion of agility {unknown}
 o - a potion of brilliance {unknown}
Comestibles
 d - a chunk of flesh
 f - 4 rations


   Skills:
 + Level 3.5 Fighting
 * Level 3.0 Maces & Flails
 + Level 3.1 Armour
 + Level 3.1 Shields


You had 3 spell levels left.
You didn't know any spells.
Your spell library was empty.

Dungeon Overview and Level Annotations

Branches:
Dungeon (3/15)

Altars:
Nemelex Xobeh


Innate Abilities, Weirdness & Mutations

You are partially covered in large bone plates. (SH +4)
You are immune to rotting.


Message History

The giant cockroach is heavily wounded.
You block the giant cockroach's attack.
You barely miss the giant cockroach.
The giant cockroach is heavily wounded.
You block the giant cockroach's attack.
The giant cockroach bites you but does no damage.
You barely miss the giant cockroach.
The giant cockroach is heavily wounded.
You block the giant cockroach's attack. x2
You closely miss the giant cockroach.
The giant cockroach is heavily wounded.
You block the giant cockroach's attack. x2
You hit the giant cockroach but do no damage.
The giant cockroach is heavily wounded.
The giant cockroach bites you but does no damage.
You hit the giant cockroach.
You kill the giant cockroach!
Things that are here:
a +0 club; an orc corpse Are you sure you want to abandon this character and quit the game? (Confirm with "yes".)

### #<# ####### #.#
#...... #.# #.#####
#.# #.# #.# #.# #.#
#.# #####.## #.#
#...@..########.#####
#....>.(.)..........)
#......###........###
#......# #........###
#......# #...........
#......# #........###
#......# #........#<.
#......# ######.#.##.
#......# #........###


There were no monsters in sight!

Vanquished Creatures
  3 adders (D:2)
  A worm (D:2)
  A dart slug (D:2)
  3 leopard geckos (D:2)
  2 orcs
  7 giant cockroaches
  8 goblins
  5 hobgoblins
  3 jackals (D:2)
  A ball python (D:1)
  A bat (D:2)
  3 frilled lizards
  6 kobolds
  10 rats
54 creatures vanquished.

Notes
Turn   | Place    | Note
-------+----------+-------------------------------------------
     0 | D:1      | KlarStein the Demonspawn Fighter began the quest for the
                  | Orb.
     0 | D:1      | Reached XP level 1. HP: 18/18 MP: 1/1
   275 | D:1      | Gained mutation: You are immune to rotting. [demonic
                  | ancestry]
   275 | D:1      | Reached XP level 2. HP: 22/24 MP: 2/2
   970 | D:2      | Found a sparkling altar of Nemelex Xobeh.
  1051 | D:2      | Reached XP level 3. HP: 22/29 MP: 3/3
  1364 | D:2      | Gained mutation: You are partially covered in large bone
                  | plates. (SH +4) [demonic ancestry]
  1364 | D:2      | Reached XP level 4. HP: 18/35 MP: 4/4
  1702 | D:2      | Quit the game

Levels and vault maps discovered:
D:1:      onia_arrival_handbag, layout_basic
D:2:      layout_basic, nemelex_xobeh_ov_fountains_minmay
D:3:      layout_rooms, first_ration, minmay_misc_feat_square, uniq_ijyb,
          uniq_crazy_yiuf_cottage, uniq_jessica, uniq_sigmund, uniq_grinder

Skill      XL: |  1  2  3  4 |
---------------+-------------+-----
Maces & Flails | 2 3 |  3.0
Armour         | 3 |  3.1
Shields        | 3 |  3.1
Fighting       | |  3.5

Action                   |  1- 3 |  4- 6 || total
-------------------------+-------+-------++-------
Melee: Flail             |   169 |    31 ||   200
  Use: Potion            |     1 |       ||     1
  Eat: Chunk             |     2 |     1 ||     3
Armor: Scale mail        |    94 |     7 ||   101
Dodge: Dodged            |    51 |     7 ||    58
Block: Shield            |   100 |    33 ||   133
